APL (24 & UNDER)
KENOSHA KINGFISH @ MONTGOMERY GREY SOX
09/16/2025
 
TOP OF THE 1ST
Kenosha Kingfish batting - Pitching for Montgomery Grey Sox : RHP Michael Young
Pitching: RHP Michael Young
Batting: SHB Devin Smith 0-0: Ball
1-0: Called Strike
1-1: Fly out, F7 (Flyball, 7M)
Batting: SHB Ken Gibson 0-0: Swinging Strike
0-1: Foul Ball, location: 2F
0-2: Strikes out swinging
Batting: RHB Francisco Martínez 0-0: Ball
1-0: SINGLE (Line Drive, 7LS)
Batting: LHB Richard Brooks 0-0: 2-RUN HOME RUN (Flyball, 8RXD), Distance : 431 ft
Batting: RHB Matt Rodríguez 0-0: Called Strike
0-1: Swinging Strike
0-2: Strikes out swinging
Top of the 1st over - 2 run(s), 2 hit(s), 0 error(s), 0 left on base; Kenosha 2 - Montgomery 0
BOTTOM OF THE 1ST
Montgomery Grey Sox batting - Pitching for Kenosha Kingfish : LHP Nick Clayton
Pitching: LHP Nick Clayton
Batting: LHB Al Gaines 0-0: SINGLE (Line Drive, 9S)
Batting: RHB José Montoya 0-0: Ball
1-0: Foul Ball, location: 2F
1-1: Ball
2-1: Ball
3-1: Foul Ball, location: 2F
3-2: Fly out, F8 (Flyball, 8RM)
Batting: RHB Bob Johnson 0-0: Called Strike
0-1: Called Strike
0-2: Strikes out swinging
Batting: RHB Dean Bailey 0-0: Called Strike
0-1: Called Strike
0-2: Ball
1-2: Ball
2-2: Strikes out swinging
Bottom of the 1st over - 0 run(s), 1 hit(s), 0 error(s), 1 left on base; Kenosha 2 - Montgomery 0
TOP OF THE 2ND
Kenosha Kingfish batting - Pitching for Montgomery Grey Sox : RHP Michael Young
Batting: RHB Sergio Mata 0-0: Called Strike
0-1: Fly out, F7 (Flyball, 78M)
Batting: RHB Manuel Gómez 0-0: Ball
1-0: Ball
2-0: Called Strike
2-1: Ball
3-1: Called Strike
3-2: Base on Balls
Batting: LHB Jon Quinn 0-0: Called Strike
Pickoff Throw by Catcher to First - Error! E2
Manuel Gómez to second
0-1: Ball
1-1: Ball
2-1: Ball
3-1: Base on Balls
Manuel Gómez is caught stealing 3rd base
Batting: RHB José Vargas 0-0: Foul Ball, location: 2F
0-1: Ball
1-1: Ball
2-1: Called Strike
2-2: Foul Ball, location: 2F
2-2: Foul Ball, location: 2F
2-2: Strikes out looking
Top of the 2nd over - 0 run(s), 0 hit(s), 1 error(s), 1 left on base; Kenosha 2 - Montgomery 0
BOTTOM OF THE 2ND
Montgomery Grey Sox batting - Pitching for Kenosha Kingfish : LHP Nick Clayton
Batting: RHB Rusty Downy 0-0: Ball
1-0: Ball
2-0: Called Strike
2-1: Ball
3-1: Base on Balls
Batting: SHB Hoyt Norris 0-0: Ball
1-0: Ball
Rusty Downy steals 2nd base
2-0: Foul Ball, location: 2F
2-1: Ball
3-1: Ground out 4-3 (Groundball, 4)
Rusty Downy to third
Batting: SHB Joe Pierce 0-0: Ball
1-0: Ball
2-0: Ball
3-0: Base on Balls
Batting: RHB José Carlos Caraballo 0-0: Ball
1-0: Ball
2-0: Ball
3-0: Base on Balls
Joe Pierce to second
Batting: RHB Sergio Gonzáles 0-0: Ball
1-0: Reached on error, E6 (Groundball, 6)
Rusty Downy scores
Joe Pierce to third
José Carlos Caraballo to second
Batting: LHB Al Gaines 0-0: Swinging Strike
0-1: Called Strike
0-2: Foul Ball, location: 2F
0-2: Strikes out swinging
Batting: RHB José Montoya 0-0: Called Strike
0-1: SINGLE (Line Drive, 8LS)
Joe Pierce scores
José Carlos Caraballo to third
Sergio Gonzáles to second
Runner from 3rd tries for Home, SAFE, no throw or cutoff
Batting: RHB Bob Johnson 0-0: Ball
1-0: SINGLE (Line Drive, 8RS)
Sergio Gonzáles to third
José Montoya to second
Batting: RHB Dean Bailey 0-0: Ball
1-0: TRIPLE (Flyball, 9LM)
Sergio Gonzáles scores
José Montoya scores
Bob Johnson scores
Batting: RHB Rusty Downy 0-0: Called Strike
0-1: Ground out 6-3 (Groundball, 6)
Bottom of the 2nd over - 6 run(s), 3 hit(s), 1 error(s), 1 left on base; Kenosha 2 - Montgomery 6
TOP OF THE 3RD
Kenosha Kingfish batting - Pitching for Montgomery Grey Sox : RHP Michael Young
Batting: SHB Devin Smith 0-0: Ball
1-0: Swinging Strike
1-1: Ground out 1-3 (Groundball, 23)
Batting: SHB Ken Gibson 0-0: Called Strike
0-1: Swinging Strike
0-2: Foul Ball, location: 2F
0-2: Ball
1-2: Ball
2-2: Foul Ball, location: 2F
2-2: Ball
3-2: Foul Ball, location: 2F
3-2: Strikes out swinging
Batting: RHB Francisco Martínez 0-0: Ball
1-0: Called Strike
1-1: Ball
2-1: Ground out 1-3 (Groundball, 13)
Top of the 3rd over - 0 run(s), 0 hit(s), 0 error(s), 0 left on base; Kenosha 2 - Montgomery 6
BOTTOM OF THE 3RD
Montgomery Grey Sox batting - Pitching for Kenosha Kingfish : LHP Nick Clayton
Batting: SHB Hoyt Norris 0-0: Foul Ball, location: 2F
0-1: Ball
1-1: Ground out 4-3 (Groundball, 4)
Batting: SHB Joe Pierce 0-0: Called Strike
0-1: Ball
1-1: Ball
2-1: Fly out, F9 (Flyball, 89M)
Batting: RHB José Carlos Caraballo 0-0: SINGLE (Groundball, 15S) (infield hit)
Batting: RHB Sergio Gonzáles 0-0: Called Strike
0-1: Swinging Strike
0-2: DOUBLE (Line Drive, 8RM)
José Carlos Caraballo to third
Runner from 3rd tries for Home, SAFE, no throw or cutoff
Batting: LHB Al Gaines 0-0: Ground out 4-3 (Groundball, 34)
Bottom of the 3rd over - 1 run(s), 2 hit(s), 0 error(s), 1 left on base; Kenosha 2 - Montgomery 7
TOP OF THE 4TH
Kenosha Kingfish batting - Pitching for Montgomery Grey Sox : RHP Michael Young
Batting: LHB Richard Brooks 0-0: Ball
1-0: SINGLE (Line Drive, 4MD)
Batting: RHB Matt Rodríguez 0-0: Ball
1-0: Foul Ball, location: 2F
1-1: Foul Ball, location: 2F
1-2: Strikes out looking
Richard Brooks steals 2nd base
Batter strikes out.
Batting: RHB Sergio Mata 0-0: Ball
Richard Brooks steals 3rd base
1-0: Fly out, F8 (Flyball, 8RM)
Runner from 3rd tags up, SCORES, no throw
Batting: RHB Manuel Gómez 0-0: SINGLE (Groundball, 34D)
Batting: LHB Jon Quinn 0-0: Called Strike
Manuel Gómez steals 2nd base
0-1: Foul Ball, location: 2F
0-2: Strikes out swinging
Top of the 4th over - 1 run(s), 2 hit(s), 0 error(s), 1 left on base; Kenosha 3 - Montgomery 7
BOTTOM OF THE 4TH
Montgomery Grey Sox batting - Pitching for Kenosha Kingfish : LHP Nick Clayton
Pitching: LHP Javier Robles
Batting: RHB José Montoya 0-0: Ball
1-0: Called Strike
1-1: Called Strike
1-2: Strikes out swinging
Batting: RHB Bob Johnson 0-0: Called Strike
0-1: Foul Ball, location: 2F
0-2: DOUBLE (Line Drive, 9LS)
Batting: RHB Dean Bailey 0-0: Swinging Strike
0-1: Called Strike
0-2: Strikes out swinging
Batting: RHB Rusty Downy 0-0: Ball
1-0: Foul Ball, location: 2F
1-1: Ball
2-1: Fly out, F3 (Popup, 3F)
Bottom of the 4th over - 0 run(s), 1 hit(s), 0 error(s), 1 left on base; Kenosha 3 - Montgomery 7
TOP OF THE 5TH
Kenosha Kingfish batting - Pitching for Montgomery Grey Sox : RHP Michael Young
Batting: RHB José Vargas 0-0: Ball
1-0: SINGLE (Line Drive, 56)
Batting: SHB Devin Smith 0-0: Ball
1-0: Foul Ball, location: 2F
1-1: Swinging Strike
1-2: Ball
2-2: Ball
3-2: Grounds into double play, 6-4-3 (Groundball, 6)
Batting: SHB Ken Gibson 0-0: Ball
1-0: Foul Ball, location: 2F
1-1: Swinging Strike
1-2: Strikes out looking
Top of the 5th over - 0 run(s), 1 hit(s), 0 error(s), 0 left on base; Kenosha 3 - Montgomery 7
BOTTOM OF THE 5TH
Montgomery Grey Sox batting - Pitching for Kenosha Kingfish : LHP Javier Robles
Batting: SHB Hoyt Norris 0-0: Ball
1-0: Ball
2-0: Fly out, F8 (Flyball, 89M)
Batting: SHB Joe Pierce 0-0: Ball
1-0: Ball
2-0: Ball
3-0: Base on Balls
Batting: RHB José Carlos Caraballo 0-0: Ball
1-0: Ball
2-0: Ball
3-0: Base on Balls
Joe Pierce to second
Batting: RHB Sergio Gonzáles 0-0: Fly out, F5 (Line Drive, 5L)
Batting: LHB Al Gaines 0-0: Ball
1-0: Foul Ball, location: 2F
1-1: Swinging Strike
1-2: Strikes out swinging
Bottom of the 5th over - 0 run(s), 0 hit(s), 0 error(s), 2 left on base; Kenosha 3 - Montgomery 7
TOP OF THE 6TH
Kenosha Kingfish batting - Pitching for Montgomery Grey Sox : RHP Michael Young
Batting: RHB Francisco Martínez 0-0: Ball
1-0: Swinging Strike
1-1: Called Strike
1-2: Foul Ball, location: 2F
1-2: Ball
2-2: Foul Ball, location: 2F
2-2: Ball
3-2: Foul Ball, location: 2F
3-2: Strikes out looking
Batting: LHB Richard Brooks 0-0: Called Strike
0-1: Ball
Single, Error in OF, E7, batter to second base
Batting: RHB Matt Rodríguez 0-0: Foul Ball, location: 2F
0-1: Ball
Richard Brooks steals 3rd base
1-1: Ball
2-1: Ball
3-1: Base on Balls
Pitching: RHP Matt Kinnieson
Batting: RHB Sergio Mata 0-0: Ball
1-0: Foul Ball, location: 2F
1-1: Called Strike
1-2: SINGLE (Groundball, 6D) (infield hit)
Richard Brooks scores
Matt Rodríguez to second
Batting: RHB Manuel Gómez 0-0: Ball
1-0: SINGLE (Flyball, 6MD)
Matt Rodríguez to third
Sergio Mata to second
Batting: LHB Jon Quinn 0-0: Swinging Strike
0-1: Ball
1-1: Called Strike
1-2: Strikes out swinging
Batting: RHB José Vargas 0-0: Called Strike
0-1: Ball
1-1: Ball
2-1: Ball
3-1: Foul Ball, location: 2F
3-2: Fly out, F9 (Flyball, 89S)
Top of the 6th over - 1 run(s), 3 hit(s), 1 error(s), 3 left on base; Kenosha 4 - Montgomery 7
BOTTOM OF THE 6TH
Montgomery Grey Sox batting - Pitching for Kenosha Kingfish : LHP Javier Robles
Batting: RHB José Montoya 0-0: Ball
1-0: Ball
2-0: Ball
3-0: Called Strike
3-1: Ground out 6-3 (Groundball, 6)
Batting: RHB Bob Johnson 0-0: Ball
1-0: Called Strike
1-1: Ball
2-1: Ball
3-1: SINGLE (Groundball, 6MD)
Batting: RHB Dean Bailey 0-0: Ball
1-0: Ball
2-0: Ball
3-0: Base on Balls
Bob Johnson to second
Batting: RHB Rusty Downy 0-0: Ball
1-0: Called Strike
1-1: Fly out, F8 (Flyball, 89M)
Batting: SHB Hoyt Norris 0-0: Foul Ball, location: 2F
0-1: Called Strike
0-2: Fly out, F6 (Popup, 5D)
Bottom of the 6th over - 0 run(s), 1 hit(s), 0 error(s), 2 left on base; Kenosha 4 - Montgomery 7
TOP OF THE 7TH
Kenosha Kingfish batting - Pitching for Montgomery Grey Sox : RHP Matt Kinnieson
Batting: SHB Devin Smith 0-0: Called Strike
0-1: Foul Ball, location: 2F
0-2: Ball
1-2: Strikes out swinging
Batting: SHB Ken Gibson 0-0: Called Strike
0-1: Ball
1-1: DOUBLE (Groundball, 3L)
Batting: RHB Francisco Martínez 0-0: Fly out, F8 (Line Drive, 8LM)
Batting: LHB Richard Brooks 0-0: Swinging Strike
0-1: Foul Ball, location: 2F
0-2: Strikes out swinging
Top of the 7th over - 0 run(s), 1 hit(s), 0 error(s), 1 left on base; Kenosha 4 - Montgomery 7
BOTTOM OF THE 7TH
Montgomery Grey Sox batting - Pitching for Kenosha Kingfish : LHP Javier Robles
Pitching: RHP Brandon Malet
Batting: SHB Joe Pierce 0-0: Ball
1-0: SINGLE (Groundball, 56)
Batting: RHB José Carlos Caraballo 0-0: Called Strike
0-1: Ball
1-1: Ball
2-1: Foul Ball, location: 2F
2-2: Grounds out, U3 (Groundball, 3F)
Batting: RHB Sergio Gonzáles 0-0: Ball
1-0: Swinging Strike
1-1: Ball
2-1: Foul Ball, location: 2F
2-2: Foul Ball, location: 2F
2-2: Strikes out swinging
Batting: LHB Al Gaines 0-0: Ball
1-0: Foul Ball, location: 2F
1-1: Ball
2-1: Ball
3-1: Base on Balls
Batting: RHB José Montoya 0-0: Ball
1-0: Fielders Choice at 2nd, 5-4 (Groundball, 5)
Bottom of the 7th over - 0 run(s), 1 hit(s), 0 error(s), 1 left on base; Kenosha 4 - Montgomery 7
TOP OF THE 8TH
Kenosha Kingfish batting - Pitching for Montgomery Grey Sox : RHP Matt Kinnieson
Batting: RHB Matt Rodríguez 0-0: Called Strike
0-1: Ball
1-1: Called Strike
1-2: Ball
2-2: Strikes out swinging
Pitching: LHP José Mercado
Batting: RHB Sergio Mata 0-0: Ball
1-0: SINGLE (Line Drive, 56D)
Batting: RHB Manuel Gómez 0-0: Swinging Strike
0-1: Foul Ball, location: 2F
0-2: Ball
1-2: Strikes out swinging
Batting: LHB Jon Quinn 0-0: Ball
1-0: Foul Ball, location: 2F
1-1: Foul Ball, location: 2F
1-2: Strikes out swinging
Top of the 8th over - 0 run(s), 1 hit(s), 0 error(s), 1 left on base; Kenosha 4 - Montgomery 7
BOTTOM OF THE 8TH
Montgomery Grey Sox batting - Pitching for Kenosha Kingfish : RHP Brandon Malet
Batting: RHB Bob Johnson 0-0: Called Strike
0-1: Ball
1-1: Swinging Strike
1-2: Foul Ball, location: 2F
1-2: Ball
2-2: Ball
3-2: Strikes out swinging
Batting: RHB Dean Bailey 0-0: Called Strike
0-1: Fly out, F9 (Flyball, 9S)
Batting: RHB Rusty Downy 0-0: Swinging Strike
0-1: Foul Ball, location: 2F
0-2: Ball
1-2: Ball
2-2: Strikes out swinging
Bottom of the 8th over - 0 run(s), 0 hit(s), 0 error(s), 0 left on base; Kenosha 4 - Montgomery 7
TOP OF THE 9TH
Kenosha Kingfish batting - Pitching for Montgomery Grey Sox : LHP José Mercado
Pitching: LHP Wilson Romero
Now at 3B: Félix Cruz
Batting: RHB José Vargas 0-0: Called Strike
0-1: Called Strike
0-2: Strikes out looking
Batting: SHB Devin Smith 0-0: Called Strike
0-1: Swinging Strike
0-2: Ball
1-2: Ground out 1-3 (Groundball, 13S)
Batting: SHB Ken Gibson 0-0: Called Strike
0-1: Ball
1-1: Foul Ball, location: 2F
1-2: Ball
2-2: SINGLE (Groundball, 15) (infield hit)
Batting: RHB Francisco Martínez 0-0: Called Strike
0-1: Ball
1-1: Ball
2-1: SINGLE (Groundball, 4MD)
Ken Gibson to second
Runner from 2nd tries for 3rd, SAFE, no throw or cutoff
Batting: LHB Richard Brooks 0-0: 3-RUN HOME RUN (Flyball, 8LXD), Distance : 423 ft
Pitching: RHP Brian Barker
Pinch Hitting: SHB Júlio Valentín 0-0: Ball
1-0: Swinging Strike
1-1: Fly out, F8 (Flyball, 8LD)
Top of the 9th over - 3 run(s), 3 hit(s), 0 error(s), 0 left on base; Kenosha 7 - Montgomery 7
BOTTOM OF THE 9TH
Montgomery Grey Sox batting - Pitching for Kenosha Kingfish : RHP Brandon Malet
Now at 3B: Don Anthony
Pinch Hitting: RHB Joe Courtier 0-0: SINGLE (Line Drive, 9LS)
Batting: SHB Joe Pierce 0-0: Ball
Joe Courtier steals 2nd base
1-0: Called Strike
1-1: Foul Ball, location: 2F
1-2: Ball
2-2: Strikes out swinging
Batting: RHB José Carlos Caraballo 0-0: Intentional Walk
Pinch Hitting: SHB Marvin López 0-0: Called Strike
0-1: Swinging Strike
0-2: Foul Ball, location: 2F
0-2: Strikes out looking
Batting: LHB Al Gaines 0-0: Fly out, F7 (Flyball, 7LS)
Bottom of the 9th over - 0 run(s), 1 hit(s), 0 error(s), 2 left on base; Kenosha 7 - Montgomery 7
TOP OF THE 10TH
Kenosha Kingfish batting - Pitching for Montgomery Grey Sox : RHP Brian Barker
Now at 2B: Félix Guillén
Now in LF: Joe Courtier
Pinch Hitting: LHB Davey Casey 0-0: Called Strike
0-1: Called Strike
0-2: Ball
1-2: Strikes out swinging
Batting: RHB Manuel Gómez 0-0: Called Strike
0-1: Ball
1-1: Foul Ball, location: 2F
1-2: Strikes out swinging
Batting: LHB Jon Quinn 0-0: SINGLE (Groundball, 5D)
Batting: RHB José Vargas 0-0: Called Strike
0-1: Swinging Strike
0-2: SINGLE (Line Drive, 78S)
Jon Quinn to second
Batting: SHB Devin Smith 0-0: Ball
1-0: Called Strike
1-1: Ball
2-1: Foul Ball, location: 2F
2-2: Ball
3-2: Base on Balls
Jon Quinn to third
José Vargas to second
Batting: SHB Ken Gibson 0-0: Called Strike
0-1: Called Strike
0-2: Foul Ball, location: 2F
0-2: Strikes out swinging
Top of the 10th over - 0 run(s), 2 hit(s), 0 error(s), 3 left on base; Kenosha 7 - Montgomery 7
BOTTOM OF THE 10TH
Montgomery Grey Sox batting - Pitching for Kenosha Kingfish : RHP Brandon Malet
Now at SS: Doug Lutz
Pinch Hitting: LHB Alberto Santos 0-0: Ball
1-0: Called Strike
1-1: Ball
2-1: Ball
3-1: Called Strike
3-2: Foul Ball, location: 2F
3-2: Strikes out swinging
Pitching: RHP Bo Adams
Batting: RHB Bob Johnson 0-0: Ball
1-0: Called Strike
1-1: Foul Ball, location: 2F
1-2: Strikes out looking
Batting: RHB Félix Cruz 0-0: Fly out, F9 (Flyball, 89M)
Bottom of the 10th over - 0 run(s), 0 hit(s), 0 error(s), 0 left on base; Kenosha 7 - Montgomery 7
TOP OF THE 11TH
Kenosha Kingfish batting - Pitching for Montgomery Grey Sox : RHP Brian Barker
Now at 1B: Frederick Curtis
Batting: RHB Francisco Martínez 0-0: Swinging Strike
0-1: Foul Ball, location: 2F
0-2: SINGLE (Line Drive, 7LS)
Batting: LHB Richard Brooks 0-0: Ball
1-0: Ball
2-0: Ball
3-0: Base on Balls
Francisco Martínez to second
Pinch Hitting: SHB John Beach 0-0: Called Strike
0-1: Ball
1-1: Foul Ball, location: 2F
1-2: Foul Ball, location: 2F
1-2: Foul Ball, location: 2F
1-2: Foul Ball, location: 2F
1-2: Strikes out swinging
Batting: RHB Doug Lutz 0-0: Ball
1-0: Called Strike
1-1: Swinging Strike
1-2: Strikes out looking
Batting: RHB Manuel Gómez 0-0: SINGLE (Groundball, 25) (infield hit)
Francisco Martínez to third
Richard Brooks to second
Batting: LHB Jon Quinn 0-0: Ball
1-0: Ball
2-0: Ball
3-0: Base on Balls
Francisco Martínez scores
Richard Brooks to third
Manuel Gómez to second
Pitching: RHP Steven Browne
Batting: RHB José Vargas 0-0: Called Strike
0-1: Foul Ball, location: 2F
0-2: Ball
1-2: Ball
2-2: Strikes out swinging
Top of the 11th over - 1 run(s), 2 hit(s), 0 error(s), 3 left on base; Kenosha 8 - Montgomery 7
BOTTOM OF THE 11TH
Montgomery Grey Sox batting - Pitching for Kenosha Kingfish : RHP Bo Adams
Now at 3B: John Beach
Batting: RHB Rusty Downy 0-0: DOUBLE (Flyball, 8LM)
Batting: RHB Joe Courtier 0-0: Ball
1-0: Called Strike
1-1: Ball
2-1: Foul Ball, location: 2F
2-2: Ball
3-2: Base on Balls
Batting: SHB Joe Pierce 0-0: Sac Bunt - play at third, runner OUT! 2-6
Joe Courtier to second
Batting: RHB José Carlos Caraballo 0-0: Foul Ball, location: 2F
0-1: Ball
1-1: Foul Ball, location: 2F
1-2: Foul Ball, location: 2F
1-2: Foul Ball, location: 2F
1-2: Foul Ball, location: 2F
1-2: Ball
2-2: Foul Ball, location: 2F
2-2: Strikes out swinging
Pinch Hitting: RHB Bryant von Bohlen 0-0: Called Strike
0-1: Called Strike
0-2: Strikes out looking
Bottom of the 11th over - 0 run(s), 1 hit(s), 0 error(s), 2 left on base; Kenosha 8 - Montgomery 7
This league is powered by Out of the Park Baseball, the baseball management simulation game for PC, Mac and Linux
Tuesday, August 2nd, 2016 - OOTP Baseball 16.8 Build 38